 Dungeon Crawl Stone Soup version 0.29.1-2-gbd0b4ee654 (webtiles) character file.

Game seed: 10292625704118382955

68095 Gabide the Deadly Accurate (level 15, -2/136 HPs)
             Began as a Ghoul Gladiator on Oct 28, 2022.
             Slain by an ice devil (12 damage)
             ... summoned by an orc sorcerer
             ... while paralysed by an orc sorcerer
             ... on level 2 of the Orcish Mines.
             The game lasted 01:10:30 (20085 turns).

Gabide the Deadly Accurate (Ghoul Gladiator)       Turns: 20085, Time: 01:10:31

Health: -2/136     AC: -5    Str: 26    XL:     15   Next: 25%
Magic:  14/14      EV:  2    Int:  3    God:
Gold:   2647       SH:  0    Dex: 12    Spells: 14/14 levels left

rFire   . . .      SeeInvis +     - Unarmed
rCold   + . .      Faith    .   (no shield)
rNeg    + + +      Spirit   .   d - +0 acid dragon scales
rPois   ∞          Reflect  .   b - +1 helmet
rElec   .          Harm     .   l - +2 cloak
rCorr   +          Rampage  .   (no gloves)
Will    +....                   c - +1 pair of boots of Ennui {rN+ Dex+2}
Stlth   +.........              A - amulet of regeneration
HPRegen 0.00/turn               h - +4 ring of evasion
MPRegen 0.14/turn               i - ring of see invisible

@: paralysed, about to teleport, corroded, inhibited regen
A: claws 1, cold resistance 1, negative energy resistance 3, inhibited
regeneration, torment resistance 2, devour on kill
a: no special abilities


You were on level 2 of the Orcish Mines.
You visited 3 branches of the dungeon, and saw 19 of its levels.
You also visited: Gauntlet.

You collected 4154 gold pieces.
You spent 1507 gold pieces at shops.

Inventory:

Hand Weapons
 q - the +5 trident of a volcano {flame, Will+ rCorr}
   (You found it on level 2 of the Dungeon)

   It burns those it strikes, dealing additional fire damage.
   rCorr:     It protects you from acid and corrosion.
   Will:      It increases your willpower.
Missiles
 p - 7 silver javelins
 t - 2 boomerangs (quivered)
 K - 8 javelins
 M - 3 datura-tipped darts
 U - a curare-tipped dart
Armour
 b - a +1 helmet (worn)
 c - the +1 pair of boots of Ennui (worn) {rN+ Dex+2}
   (You found it in a Gauntlet)

   Dex:       It affects your dexterity (+2).
   rN:        It protects you from negative energy.
 d - +0 acid dragon scales (worn)
 l - a +2 cloak (worn)
 z - a +1 robe of cold resistance
Jewellery
 h - a +4 ring of evasion (left claw)
 i - a ring of see invisible (right claw)
 A - an amulet of regeneration (around neck)
 G - a ring of flight
 R - a +4 ring of evasion
 X - a +6 ring of strength
Wands
 a - a wand of acid (5)
 B - a wand of mindburst (6)
 E - a wand of flame (32)
 F - a wand of digging (8)
 N - a wand of roots (18)
 Q - a wand of charming (3)
 S - a wand of polymorph (2)
Scrolls
 e - 2 scrolls of enchant weapon
 j - 7 scrolls of teleportation
 m - 7 scrolls of fog
 r - a scroll of enchant armour
 s - a scroll of torment
 v - 6 scrolls of immolation
 y - 2 scrolls of blinking
 C - 3 scrolls of amnesia
 H - 6 scrolls of vulnerability
 I - 2 scrolls of fear
 O - a scroll of brand weapon
 P - a scroll of magic mapping
 V - 4 scrolls of identify
Potions
 f - 3 potions of might
 g - 5 potions of ambrosia
 k - a potion of haste
 n - 3 potions of curing
 o - a potion of cancellation
 u - 2 potions of attraction
 w - a potion of resistance
 x - 3 potions of flight
 L - 2 potions of invisibility
 T - 2 potions of brilliance
 W - a potion of magic
Miscellaneous
 D - a phantom mirror (inert)
 J - a box of beasts


   Skills:
 + Level 13.2 Fighting
 * Level 15.4 Throwing
 - Level 4.0 Armour
 + Level 11.3 Dodging
 + Level 13.4 Unarmed Combat


You had 14 spell levels left.
You didn't know any spells.
Your spell library contained the following spells:

 Spells                   Type           Power      Damage    Failure   Level
 Sandblast                Erth           0%         2d4       58%         1
 Sting                    Tmut/Pois      0%         1d3       58%         1
 Passwall                 Tmut/Erth      0%         N/A       73%         2
 Poisonous Vapours        Pois/Air       0%         N/A       73%         2
 Portal Projectile        Hex/Tloc       0%         N/A       91%         3
 Stone Arrow              Conj/Erth      0%         3d7       91%         3
 Tukima's Dance           Hex            0%         N/A       91%         3
 Olgreb's Toxic Radiance  Pois           0%         N/A       100%        4
 Passage of Golubria      Tloc           0%         N/A       100%        4
 Irradiate                Conj/Tmut      0%         3d11      100%        5
 Silence                  Hex/Air        0%         N/A       100%        5
 Ozocubu's Refrigeration  Ice            0%         4d7       100%        7
 Ignition                 Fire           0%         3d3       100%        8
 Lehudib's Crystal Spear  Conj/Erth      0%         10d2      100%        8
 Blade Hands              Tmut           Unusable   N/A       N/A         5
 Dragon Form              Tmut           Unusable   N/A       N/A         7

Dungeon Overview and Level Annotations

Branches:
Dungeon (12/15)            Temple (0/1) D:6            Lair (5/5) D:9
 Shoals (0/4) Lair:3       Spider (0/4) Lair:3        Slime (0/5) Lair:4
    Orc (2/2) D:9             Elf (0/3) Orc:2       Gauntlet (visited)

Altars:
Dithmenos
Hepliaklqana
Nemelex Xobeh
Okawaru
Qazlal
Trog
Uskayaw
Vehumet
Xom
Jiyva
Lugonu

Shops:
D:5 *   D:8 *   Orc:2 ?[:

Portals:
Abyss: Lair:5

Annotations:
D:9 1 runed translucent door, wamuu's ghost, novice MiBe
Lair:3 2 transporters, kalagan's ghost, journeyman DECj
Orc:1 2 transporters


Innate Abilities, Weirdness & Mutations

You are immune to poison.
You have sharp fingernails.
Your flesh is cold resistant. (rC+)
You are immune to negative energy. (rN+++)
You do not regenerate when monsters are visible.
You are immune to unholy pain and torment.
You thrive by killing the living.


Message History

Items here: )) [ †.
You bump into the stone wall.
The orc wizard barely misses you. The rust devil hits you.
The rust devil corrodes you!
You feel better. The orc wizard barely misses you. The rust devil hits you!
The rust devil corrodes you! The orange demon completely misses you.
You closely miss the orc wizard. The orc sorcerer misses you.
The ogre hits you with a +0 giant club!
The orc wizard hits you with a +0 dagger.
The rust devil closely misses you.
You mangle the orc wizard!!
You kill the orc wizard!
The orange demon completely misses you.
You scratch the orc sorcerer but do no damage.
The orc sorcerer hits you with a +0 dagger.
The rust devil hits you! The orange demon completely misses you.
The ogre hits you with a +0 giant club!!
The ice devil misses you.
You scratch the orc sorcerer but do no damage.
The orc sorcerer casts a spell.
The orc sorcerer completely misses you. The rust devil misses you.
As you read the scroll of teleportation, it crumbles to dust.
You feel strangely unstable. The orange demon misses you.
The ice devil hits you. The ice devil freezes you! You resist.
The ogre hits you with a +0 giant club!!
The orc sorcerer closely misses you. The rust devil hits you.
The rust devil corrodes you!
The orc sorcerer attacks as you move away!
The orc sorcerer barely misses you. The orange demon misses you.
The ice devil hits you. The ice devil freezes you! You resist.
* * * LOW HITPOINT WARNING * * *
The orc sorcerer hits you with a +0 dagger!
* * * LOW HITPOINT WARNING * * *
The orc sorcerer gestures at you while chanting.
You suddenly lose the ability to move!
The rust devil hits you!
* * * LOW HITPOINT WARNING * * *
The rust devil corrodes you! The orange demon stings you from afar.
* * * LOW HITPOINT WARNING * * *
The ice devil hits you!
You die...

##.........8)#...._#≈≈##.######..
.......§....)).....#.≈#### #..
..≈§§...§≈≈..#.....8.≈# ##[
.#####.)≈#####.......# ##
..≈≈§...§#####).....## #
....§...≈#≈§≈......## #
##....))§#.....4).##
§####...≈#8...§≈4o#
§≈§≈....≈#...##≈@)# §§§.....≈#...
#§4Oo3..≈≈. ..§..8..≈#∩..
#≈§.'..8≈.. §§§))...≈#..
#≈..'...§§. ≈§≈≈....≈#.
#≈..#....≈≈ ≈####)).≈#
§≈..#...8.≈ ##§.....≈#
.....##...§. ........≈# ≈......
#.... .§≈≈≈...≈#


You could see a soul eater (summoned), an orange demon (summoned), an ice devil
(summoned), a rust devil (summoned), 2 orc sorcerers and an ogre.

Vanquished Creatures
  Saint Roka (Orc:2)
  An entropy weaver (Gauntlet)
  Azrael (Orc:2)
  A minotaur (Gauntlet)
  Erolcha (Orc:2)
  A boulder beetle (D:11)
  7 hydras
  A two-headed ogre (D:9)
  6 death yaks
  Urug (D:11)
  4 thrashing horrors (Lair:5)
  3 oklob plants
  A deep elf pyromancer (D:12)
  9 orc sorcerers
  3 cyclopes
  A merfolk siren (Lair:3)
  4 black mambas
  2 smoke demons (Lair:5)
  A torpor snail (Lair:2)
  3 rime drakes
  15 cane toads
  7 komodo dragons
  An ice devil (Gauntlet)
  2 ancient zymes (Lair:5)
  2 polar bears
  6 trolls
  2 hornets
  36 blink frogs
  A slime creature (Lair:4)
  18 dream sheep
  Grinder (D:3)
  5 jumping spiders
  3 flying skulls (Gauntlet)
  3 ynoxinuls (Lair:5)
  A shadow (D:10)
  A wraith (D:11)
  4 wyverns
  2 fire elementals (Orc:2)
  62 yaks
  Grum (D:9)
  3 basilisks
  A vampire mosquito (D:11)
  3 redbacks (Lair:3)
  10 small abominations (Lair:5)
  3 chaos spawn (Lair:5)
  A hell hound (Orc:2)
  2 wargs (Orc:1)
  A large abomination (Lair:5)
  2 acid dragons
  7 water moccasins
  An ice beast (D:5)
  2 sky beasts (D:7)
  9 orc warriors
  6 black bears
  3 ogres
  12 wolves
  4 centaurs
  10 bullfrogs
  6 kobold brigands
  2 necrophages (D:6)
  7 scorpions
  4 wights (D:6)
  4 killer bees (D:7)
  2 howler monkeys
  An electric eel (Lair:3)
  8 jellies
  16 orc priests
  Crazy Yiuf (D:6)
  5 hounds
  A gnoll bouda (D:6)
  21 orc wizards
  Natasha (thrice) (D:4)
  3 iguanas
  10 gnolls
  5 adders
  3 shadow imps
  5 white imps
  An ufetubus (D:5)
  A worm (D:4)
  5 dart slugs
  59 orcs
  4 bats
  6 endoplasms
  3 giant cockroaches
  5 goblins (D:1)
  5 hobgoblins
  8 jackals (D:5)
  33 kobolds
  3 quokkas
  7 ball pythons
  2 frilled lizards
  8 rats
562 creatures vanquished.

Vanquished Creatures (collateral kills)
  A wraith (D:10)
  3 fire elementals (Orc:2)
  An orc priest (Orc:2)
5 creatures vanquished.

Vanquished Creatures (others)
  A hell hound (Orc:2)
  An orc wizard (Orc:2)
  A butterfly (D:3)
  30 fungi
  68 plants
101 creatures vanquished.

Grand Total: 668 creatures vanquished

Notes
Turn   | Place    | Note
-------+----------+-------------------------------------------
     0 | D:1      | Gabide the Ghoul Gladiator began the quest for the Orb.
     0 | D:1      | Reached XP level 1. HP: 17/17 MP: 0/0
   155 | D:1      | Reached skill level 2 in Throwing
   194 | D:1      | Reached XP level 2. HP: 22/25 MP: 1/1
   503 | D:1      | Reached XP level 3. HP: 28/30 MP: 2/2
   545 | D:1      | Found a faded altar of an unknown god.
  1041 | D:2      | You fall into a shaft and drop 2 floors!
  1062 | D:4      | Reached XP level 4. HP: 32/37 MP: 3/3
  1473 | D:4      | Reached skill level 3 in Throwing
  1982 | D:2      | Identified the +5 trident of a volcano {flame, Will+ rCorr}
  2012 | D:2      | Reached XP level 5. HP: 45/45 MP: 4/4
  2506 | D:3      | Found a shadowy altar of Dithmenos.
  2632 | D:3      | Noticed Grinder
  2648 | D:3      | Killed Grinder
  2649 | D:3      | Reached skill level 4 in Throwing
  2649 | D:3      | Reached XP level 6. HP: 47/52 MP: 5/5
  2877 | D:4      | Noticed Natasha
  2881 | D:4      | Killed Natasha
  2936 | D:4      | Reached XP level 7. HP: 56/59 MP: 6/6
  3270 | D:4      | Noticed Natasha
  3273 | D:4      | Killed Natasha
  3486 | D:4      | Noticed Natasha
  3491 | D:4      | Killed Natasha
  3580 | D:5      | Entered Level 5 of the Dungeon
  3628 | D:5      | Reached skill level 5 in Unarmed Combat
  3741 | D:5      | Reached skill level 5 in Throwing
  3790 | D:5      | Reached XP level 8. HP: 64/67 MP: 7/7
  3831 | D:5      | Reached skill level 5 in Fighting
  3923 | D:5      | Found a shimmering altar of Xom.
  3941 | D:5      | Found Denn's Gadget Gallery.
  4039 | D:5      | Reached skill level 6 in Throwing
  4204 | D:5      | Noticed an angel
  4502 | D:6      | Reached skill level 5 in Dodging
  4684 | D:6      | Found a runed translucent door.
  4685 | D:6      | Noticed Crazy Yiuf
  4708 | D:6      | Found Fodod's Magic Scroll Shoppe.
  4711 | D:6      | Bought a scroll of enchant armour for 90 gold pieces
  4711 | D:6      | Bought a scroll of poison for 48 gold pieces
  4735 | D:6      | Killed Crazy Yiuf
  4989 | D:6      | Found a staircase to the Ecumenical Temple.
  5008 | D:6      | Reached XP level 9. HP: 72/75 MP: 8/8
  5082 | D:6      | Reached skill level 7 in Throwing
  5411 | D:6      | Found a hide-covered altar of Uskayaw.
  5411 | D:6      | Found a stormy altar of Qazlal.
  5411 | D:6      | Found a sparkling altar of Nemelex Xobeh.
  5419 | D:6      | Found a hazy altar of Hepliaklqana.
  5882 | D:7      | Noticed a hornet
  5903 | D:7      | Killed a hornet
  5976 | D:7      | Reached skill level 8 in Throwing
  6473 | D:8      | Reached XP level 10. HP: 75/86 MP: 9/9
  6527 | D:8      | Found a bloodstained altar of Trog.
  6642 | D:8      | Found Ufi Och's General Store.
  6652 | D:8      | Bought a scroll of identify for 24 gold pieces
  6652 | D:8      | Bought a scroll of teleportation for 36 gold pieces
  7179 | D:9      | Found a staircase to the Orcish Mines.
  7254 | D:9      | Noticed a two-headed ogre
  7267 | D:9      | Noticed wamuu's ghost (novice MiBe)
  7272 | D:9      | Killed a two-headed ogre
  7283 | D:9      | Found a runed translucent door.
  7412 | D:9      | Reached skill level 9 in Throwing
  7476 | D:9      | Found an iron altar of Okawaru.
  7558 | D:9      | Reached skill level 1 in Armour
  7876 | D:9      | Noticed Grum
  7890 | D:9      | Killed Grum
  8003 | D:9      | Reached XP level 11. HP: 74/94 MP: 10/10
  8165 | D:9      | Found a staircase to the Lair.
  8228 | D:10     | Entered Level 10 of the Dungeon
  8843 | D:11     | Noticed a boulder beetle
  9005 | D:11     | Killed a boulder beetle
  9006 | D:11     | Reached skill level 10 in Throwing
  9226 | D:11     | Noticed Urug
  9241 | D:11     | Killed Urug
  9640 | D:11     | Noticed a cyclops
  9774 | D:11     | Killed a cyclops
  9829 | D:11     | Noticed a cyclops
  9841 | D:11     | Killed a cyclops
 10137 | D:12     | Noticed a deep elf pyromancer
 10144 | D:12     | Killed a deep elf pyromancer
 10152 | D:12     | Found a gate leading to a gauntlet.
 10161 | Gauntlet | Entered a Gauntlet
 10161 | Gauntlet | Found a transporter.
 10161 | Gauntlet | Found a transporter.
 10163 | Gauntlet | Noticed a soul eater
 10172 | Gauntlet | Found a transporter.
 10172 | Gauntlet | Noticed a moth of wrath
 10200 | Gauntlet | Found a transporter.
 10203 | Gauntlet | Found a transporter.
 10246 | Gauntlet | Found a transporter.
 10246 | Gauntlet | Found a transporter.
 10248 | Gauntlet | Found a transporter.
 10256 | Gauntlet | Noticed a moth of wrath
 10260 | Gauntlet | Found a transporter.
 10275 | Gauntlet | Noticed a thrashing horror
 10276 | Gauntlet | Found a transporter.
 10286 | Gauntlet | Found a transporter.
 10286 | Gauntlet | Noticed an entropy weaver
 10300 | Gauntlet | Found a transporter.
 10321 | Gauntlet | Found a transporter.
 10321 | Gauntlet | Found a transporter.
 10369 | Gauntlet | Identified the +0 pair of boots of Monotheism {rPois Dex-4
                  | Stlth+}
 10609 | Gauntlet | Identified the +1 pair of boots of Ennui {rN+ Dex+2}
 10609 | Gauntlet | Killed an entropy weaver
 10610 | Gauntlet | Reached skill level 11 in Throwing
 10610 | Gauntlet | Reached XP level 12. HP: 20/105 MP: 11/11
 10734 | Gauntlet | Noticed a minotaur
 10745 | Gauntlet | Killed a minotaur
 10890 | D:12     | Noticed a six-headed hydra
 10892 | D:12     | Noticed a boulder beetle
 10998 | Lair:1   | Entered Level 1 of the Lair of Beasts
 10998 | Lair:1   | Noticed a four-headed hydra
 11006 | D:9      | Killed a four-headed hydra
 11018 | D:9      | Reached skill level 10 in Unarmed Combat
 11258 | Lair:1   | Reached skill level 10 in Fighting
 12084 | Lair:2   | Reached skill level 12 in Throwing
 12451 | Lair:2   | Reached XP level 13. HP: 102/114 MP: 12/12
 13618 | Lair:3   | Found a staircase to the Shoals.
 13627 | Lair:3   | Reached skill level 13 in Throwing
 13718 | Lair:3   | Found a transporter.
 13729 | Lair:3   | Identified 2 scrolls of acquirement
 13730 | Lair:3   | Acquired 1078 gold pieces
 13732 | Lair:3   | Acquired 1214 gold pieces
 13834 | D:8      | Bought a potion of invisibility for 96 gold pieces
 13923 | D:6      | Bought a scroll of vulnerability for 48 gold pieces
 13923 | D:6      | Bought a scroll of vulnerability for 48 gold pieces
 13923 | D:6      | Bought a scroll of teleportation for 36 gold pieces
 13923 | D:6      | Bought 3 scrolls of fog for 144 gold pieces
 13923 | D:6      | Bought a scroll of teleportation for 36 gold pieces
 13958 | D:5      | Bought a wand of roots (10) for 240 gold pieces
 13958 | D:5      | Bought a wand of roots (5) for 120 gold pieces
 13958 | D:5      | Bought a wand of charming (1) for 24 gold pieces
 13958 | D:5      | Bought a wand of flame (7) for 49 gold pieces
 14290 | Lair:3   | Found a hole to the Spider Nest.
 14460 | Lair:3   | Noticed kalagan's ghost (journeyman DECj)
 14463 | Lair:3   | Found a transporter.
 15215 | Lair:4   | Reached skill level 10 in Dodging
 15355 | Lair:4   | Reached XP level 14. HP: 32/125 MP: 13/13
 15802 | Lair:4   | Found a staircase to the Slime Pits.
 15802 | Lair:4   | Found a viscous altar of Jiyva.
 15847 | Lair:4   | Reached skill level 14 in Throwing
 16433 | Lair:5   | Entered Level 5 of the Lair of Beasts
 17081 | Lair:5   | HP: 5/127 [black mamba (3)]
 18212 | Lair:5   | Found a corrupted altar of Lugonu.
 18212 | Lair:5   | Found a one-way gate to the infinite horrors of the Abyss.
 18513 | Orc:1    | Entered Level 1 of the Orcish Mines
 18649 | Orc:1    | Reached skill level 15 in Throwing
 18662 | Orc:1    | Found a transporter.
 18666 | Orc:1    | Found a transporter.
 18834 | Orc:2    | Entered Level 2 of the Orcish Mines
 18834 | Orc:2    | Noticed Saint Roka
 19061 | Orc:2    | Reached XP level 15. HP: 107/134 MP: 14/14
 19171 | Orc:2    | Killed Saint Roka
 19252 | Orc:2    | Found a staircase to the Elven Halls.
 19457 | Orc:2    | Noticed Azrael
 19840 | Orc:2    | Killed Azrael
 19878 | Orc:2    | Found Avoil's Magic Scroll Shoppe.
 19889 | Orc:2    | Paralysed by an orc sorcerer for 4 turns
 19893 | Orc:2    | Noticed Erolcha
 19917 | Orc:2    | Killed Erolcha
 19988 | Orc:2    | Found Wadoddoa's Antique Armour Emporium.
 20015 | Orc:2    | Bought a scroll of identify for 24 gold pieces
 20015 | Orc:2    | Bought a scroll of immolation for 48 gold pieces
 20015 | Orc:2    | Bought a scroll of teleportation for 36 gold pieces
 20015 | Orc:2    | Bought a scroll of identify for 24 gold pieces
 20015 | Orc:2    | Bought a scroll of enchant armour for 90 gold pieces
 20015 | Orc:2    | Bought a scroll of torment for 114 gold pieces
 20015 | Orc:2    | Bought a scroll of teleportation for 36 gold pieces
 20015 | Orc:2    | Bought a scroll of identify for 24 gold pieces
 20015 | Orc:2    | Bought a scroll of teleportation for 36 gold pieces
 20015 | Orc:2    | Bought a scroll of teleportation for 36 gold pieces
 20027 | Orc:2    | Found a radiant altar of Vehumet.
 20049 | Orc:2    | Found Paopt's Book Emporium.
 20084 | Orc:2    | Paralysed by an orc sorcerer for 5 turns
 20085 | Orc:2    | Slain by an ice devil

Illustrated notes

Levels and vault maps discovered:
D:1:      erik_arrival_triangle_medium, layout_rooms,
          hellmonk_ecumenical_altar_defaced_shrine
D:2:      layout_loops_cross, serial_co_window_serial, co_window_paths_b,
          co_window_corner_a, co_window_corner_a, co_window_corner_a,
          co_window_paths_a, co_window_of_opportunity_c, co_window_cross_2,
          co_window_corner_ca, co_window_broadway_c, co_window_unsneaky_path_a,
          glass_columns_b, glass_columns_b, glass_columns_b, glass_columns_a
D:3:      layout_loops_ring, nicolae_elyvilon_peaceful_grove,
          nicolae_dithmenos_shadow_blocks, gammafunk_temple_overflow_elements,
          serial_bayou_pond_a, chequers_mini_garden, minmay_rat_hole,
          uniq_grinder
D:4:      minmay_wonky_spiral, layout_basic, uniq_natasha
D:5:      minmay_bubble_buster, layout_basic, mainiacjoe_overflow_paths,
          zin_angel, grunt_ministairs_12, minmay_misc_feat_five,
          dk_noncrumbling_3, nicolae_shop_gadgets
D:6:      layout_basic, minitemple, minmay_temple_entry_glass, serial_shops,
          nicolae_shop_behind_doors, uniq_crazy_yiuf_cottage
D:7:      layout_loops_cross, minmay_misc_feat_columns
D:8:      layout_rooms, kennysheep_little_box, serial_shops,
          nicolae_diamond_shop, minivault_21, minivault_5
D:9:      layout_cave_pools, okawaru_gym_becter, grunt_lair_entry_orc_guard_hut,
          hellmonk_ghost_big_iron, minivault_27, grunt_ministairs_11, uniq_grum
D:10:     layout_cross
D:11:     layout_basic, minmay_fractal_squares_gapless_5, uniq_urug
D:12:     minmay_the_grid_octo_2x2 [minmay_the_grid_octo_tetromino_candy,
          minmay_the_grid_octo_thin_diamonds, minmay_the_grid_octo_pinwheel,
          minmay_the_grid_octo_prize_ultimate_mussel_roller],
          layout_irregular_city, gauntlet_entry_generic
Lair:1:   layout_gridlike, grunt_megastairs_4, lemuel_fruit_tree
Lair:2:   layout_regular_city, enter_volcano_1, grunt_megastairs_2
Lair:3:   layout_cave_pods, minmay_shoals_entry_lonely_mermaid,
          nicolae_spider_entry_tight_spaces, gammafunk_ghost_arena,
          serial_bayou_crossing, serial_bayou_shore_b, serial_bayou_shore_a
Lair:4:   layout_loops_ring, minmay_slime_entry_pillars
Lair:5:   hellmonk_lair_end_abyssal_woods, layout_cave_pods, dpeg_oklob_1
Orc:1:    gammafunk_beogh_shrine, layout_diamond_mine
Orc:2:    kennysheep_orc_mage_school, layout_caves, special_room, basic_altar,
          lightli_church_of_beogh, uniq_azrael, uniq_saint_roka

Skill      XL: |  1  2  3  4  5  6  7  8  9 10 11 12 13 14 15 |
---------------+----------------------------------------------+-----
Throwing       | 2 3 4 5 6 8 9 11 12 13 15 | 15.4
Dodging        | 3 4 5 6 7 8 9 10 11 | 11.3
Fighting       | 3 4 5 7 8 9 10 11 12 13 | 13.2
Unarmed Combat | 4 5 6 7 8 9 10 12 13 | 13.4
Armour         | 2 4 |  4.0

Action                   |  1- 3 |  4- 6 |  7- 9 | 10-12 | 13-15 || total
-------------------------+-------+-------+-------+-------+-------++-------
Melee: Unarmed           |    72 |    28 |    89 |   492 |   950 ||  1631
       Punch             |     1 |     5 |     9 |    37 |    71 ||   123
       Trident           |       |    63 |   265 |   187 |    11 ||   526
Throw: Throwing net      |     1 |     4 |     2 |     5 |       ||    12
       Javelin           |       |     2 |     2 |     5 |    31 ||    40
       Boomerang         |       |       |       |    62 |   163 ||   225
       Dart              |       |       |       |     3 |     9 ||    12
Evoke: Wand              |       |       |       |    28 |     9 ||    37
       Phantom mirror    |       |       |       |       |     1 ||     1
  Use: Scroll            |       |     1 |    14 |    16 |    11 ||    42
       Potion            |       |       |     1 |     7 |    10 ||    18
 Stab: Held in net/web   |     1 |       |     2 |     1 |       ||     4
       Invisible         |       |       |       |       |     5 ||     5
Armor: Leather armour    |    22 |    19 |    22 |       |       ||    63
       Robe              |       |       |    73 |    28 |       ||   101
       Acid dragon scale |       |       |       |   214 |   272 ||   486
Dodge: Dodged            |    28 |    40 |   259 |   661 |  1086 ||  2074
